 Dungeon Crawl Stone Soup version 0.32-a0-571-gec57dfcd37 (webtiles) character file.

Game seed: 1143937792661913526

147 hikkokomori the Chopper (level 5, -6/30 (41) HPs)
             Began as a Mountain Dwarf Reaver on Feb 29, 2024.
             Mangled by an ice beast (12 damage)
             ... on level 4 of the Dungeon.
             The game lasted 00:04:59 (2439 turns).

hikkokomori the Chopper (Mountain Dwarf Reaver)     Turns: 2439, Time: 00:05:00

HP:   -6/30 (41)    AC:  9    Str: 14    XL:     5   Next: 8%
MP:   8/8           EV: 11    Int: 16    God:
Gold: 186           SH:  0    Dex:  8    Spells: 7/8 levels left

rFire   + . .        a - +0 hand axe
rCold   . . .        (no shield)
rNeg    + . .        z - +3 leather armour {rF+}
rPois   .            m - +0 helmet
rElec   .            v - +0 cloak
rCorr   .            c - +0 pair of gloves
SInv    .            (no boots)
Will    .....        (no amulet)
Stlth   +            l - ring of positive energy
HPRegen 0.25/turn    (no ring)
MPRegen 0.11/turn

%: no passive effects
@: very heavily drained
A: runic magic, artefact enchanting
a: no special abilities


You were on level 4 of the Dungeon.
You visited 1 branch of the dungeon, and saw 4 of its levels.

You collected 186 gold pieces.

Inventory:

Hand Weapons
 a - a +0 hand axe (weapon)
Armour
 b - a +0 leather armour
 c - a +0 pair of gloves (worn)
 e - a +0 chain mail
 m - a +0 helmet (worn)
 v - a +0 cloak (worn)
 z - a +3 leather armour of fire resistance (worn)
Magical Staves
 r - a staff of fire
 s - a staff of death
 x - a staff of conjuration
Jewellery
 l - a ring of positive energy (left hand)
Wands
 y - a wand of flame (6)
Scrolls
 d - a scroll of torment {unknown}
 f - a scroll of blinking {unknown}
 g - a scroll of amnesia {unknown}
 j - a scroll of revelation {unknown}
 n - a scroll of poison {unknown}
 o - a scroll of vulnerability {unknown}
 q - a scroll of teleportation {unknown}
 t - a scroll of fog {unknown}
 u - a scroll of immolation {unknown}
Potions
 i - 2 potions of curing
 k - a potion of haste
 p - a potion of degeneration
 w - 2 potions of magic


   Skills:
 - Level 2.1 Fighting
 + Level 6.2 Axes
 - Level 1.3 Dodging
 - Level 2.0 Spellcasting
 - Level 3.0 Conjurations
 - Level 2.0 Necromancy


You had 7 spell levels left.
You knew the following spells:

 Your Spells              Type           Power      Damage    Failure   Level
a - Kiss of Death         Conj/Necr      36%        2d8       8%          1

Your spell library contained the following spells:

 Spells                   Type           Power      Damage    Failure   Level
 Momentum Strike          Conj/Tloc      12%        3d8       17%         2
 Hailstorm                Conj/Ice       6%         3d5       34%         3
 Confusing Touch          Hex            1%         N/A       54%         3
 Dispel Undead            Necr           8%         3d8       67%         4


Dungeon Overview and Level Annotations

Branches:
Dungeon (4/15)
 Temple: D:4-7

Altars:
Qazlal


Innate Abilities, Weirdness & Mutations

Your spellcasting is much less encumbered by armour.
You can use scrolls of enchantment on lesser artefacts.


Message History

You are too injured to fight recklessly!
You are too injured to fight recklessly!
You are too injured to fight recklessly!
You are too injured to fight recklessly!
You are too injured to fight recklessly!
You are too injured to fight recklessly!
You are too injured to fight recklessly!
Unknown command.
You hit the ice beast but do no damage.
You feel sick. The ice beast closely misses you.
You hit the ice beast.
The ice beast is lightly wounded.
You feel sick. The ice beast barely misses you.
You hit the ice beast but do no damage.
The ice beast is lightly wounded.
You feel sick.
You are no longer poisoned.
The ice beast hits you but does no damage.
You hit the ice beast.
The ice beast is heavily wounded.
The ice beast hits you but does no damage.
You barely miss the ice beast.
The ice beast is heavily wounded.
The ice beast barely misses you.
You barely miss the ice beast.
The ice beast is heavily wounded.
The ice beast closely misses you.
You hit the ice beast.
The ice beast is severely wounded.
The ice beast misses you.
You closely miss the ice beast.
The ice beast is severely wounded.
The ice beast hits you. The ice beast freezes you!
* * * LOW HITPOINT WARNING * * *
You closely miss the ice beast.
The ice beast is heavily wounded.
The ice beast hits you.
* * * LOW HITPOINT WARNING * * *
The ice beast freezes you!
You die...

### .. .# ....## .
.. ...##≈≈ .#.# .
.##≈≈≈ )..
..##≈≈≈### #..
Y##≈≈≈##.# #.#
##≈≈≈##..# #Y#
#≈≈≈##...#######@#
≈§≈##....#.....#.#
≈≈##.....#.....#.#
§##..)...#.....#.#
##.......#.....#.#
#........#.....#.#
........)#.....#.#
#######''#.....#.#
......#........#.#


You could see an ice beast.

Vanquished Creatures
  Jessica (D:2)
  Ijyb (D:3)
  5 adders
  A dart slug (D:2)
  A ribbon worm (D:2)
  4 endoplasms (D:2)
  4 giant cockroaches
  3 goblins
  6 hobgoblins
  A jackal (D:2)
  2 quokkas (D:1)
  4 ball pythons
  6 bats
  4 kobolds
  7 rats
50 creatures vanquished.

Notes
Turn   | Place    | Note
-------+----------+-------------------------------------------
     0 | D:1      | hikkokomori the Mountain Dwarf Reaver began the quest for
                  | the Orb.
     0 | D:1      | Reached XP level 1. HP: 17/17 MP: 3/3
   736 | D:1      | Reached XP level 2. HP: 24/24 MP: 4/4
   981 | D:2      | Reached skill level 1 in Necromancy
   994 | D:2      | Reached skill level 4 in Axes
  1037 | D:2      | Noticed Jessica
  1045 | D:2      | Killed Jessica
  1046 | D:2      | Reached XP level 3. HP: 21/29 MP: 6/6
  1313 | D:2      | Reached XP level 4. HP: 32/36 MP: 7/7
  1391 | D:2      | Reached skill level 5 in Axes
  1815 | D:3      | Noticed Ijyb
  1841 | D:3      | Killed Ijyb
  2114 | D:3      | Found a stormy altar of Qazlal.
  2337 | D:4      | Reached skill level 6 in Axes
  2350 | D:4      | Reached XP level 5. HP: 24/29 MP: 8/8
  2390 | D:4      | Noticed an ice beast
  2421 | D:4      | Noticed an ice beast
  2439 | D:4      | Mangled by an ice beast

Illustrated notes

Levels and vault maps discovered:
D:1:      pf_arrival_petrified_forest, layout_loops_corners
D:2:      minmay_angry_zag, layout_basic, minmay_heptomino_l4, uniq_jessica
D:3:      layout_loops_ring, lemuel_doored_altar, uniq_ijyb
D:4:      minmay_razor_zed, layout_basic, kennysheep_opposing_triangles,
          uniq_grinder

Skill      XL: |  1  2  3  4 |
---------------+-------------+-----
Spellcasting   | 2 |  2.0
Necromancy     | 2 |  2.0
Axes           | 4 6 |  6.2
Conjurations   | 3 |  3.0
Fighting       | |  2.1
Dodging        | |  1.3

Action                     |  1- 3 |  4- 6 || total
---------------------------+-------+-------++-------
  Melee: Hand axe          |   105 |   136 ||   241
   Cast: Kiss of Death     |     1 |     3 ||     4
    Use: Scroll            |       |     4 ||     4
 Armour: Chain mail        |   100 |    72 ||   172
         Leather armour    |       |    32 ||    32
  Dodge: Dodged            |    29 |    78 ||   107

Table legend: (Time is in decaauts)
 A = Elapsed time spent in this place.
 B = Non-inter-level travel time spent in this place.
 C = Inter-level travel time spent in this place.
 D = Time resting spent in this place.
 E = Time spent auto-exploring this place.
 F = Levels seen in this place.
 G = Mean time per level.
                   A        B        C        D        E       F      G
               +--------+--------+--------+--------+--------+-----+--------+
         Total |   2450 |   2341 |    109 |      0 |   1836 |   4 |  612.5 |
       Dungeon |   2450 |   2341 |    109 |      0 |   1836 |   4 |  612.5 |
               +--------+--------+--------+--------+--------+-----+--------+

Top non-repeatable levels by time:
     D:1: 964 daAuts
     D:3: 716 daAuts
     D:2: 561 daAuts
     D:4: 208 daAuts
